 Dungeon Crawl Stone Soup version 0.18.1-48-g4cf74bf (webtiles) character file.

119 Jerry the Shield-Bearer (level 5, -3/61 HPs)
             Began as a Human Fighter on Aug 7, 2016.
             Slain by a sky beast (5 damage)
             ... on level 3 of the Dungeon.
             The game lasted 00:05:45 (1818 turns).

Jerry the Shield-Bearer (Human Fighter)             Turns: 1818, Time: 00:05:46

Health: -3/61      AC:  6    Str: 20 (21) XL:     5   Next: 23%
Magic:  5/5        EV:  7    Int:  8 (9)  God:
Gold:   112        SH:  9    Dex: 10 (13) Spells: 0 memorised, 4 levels left

rFire  . . .     SeeInvis .     i - +0 mace
rCold  . . .     Gourm    .     b - +0 scale mail
rNeg   . . .     Faith    .     c - +0 shield
rPois  .         Spirit   .     (no helmet)
rElec  .         Dismiss  .     (no cloak)
rCorr  .         Reflect  .     (no gloves)
SustAt .         Harm     .     (no boots)
MR     .....                    h - amulet of regeneration
Stlth  ..........               (no ring)
                                (no ring)

@: berserking, very quick, not resistant to hostile enchantments, extremely
unstealthy
A: no striking features
a: no special abilities


You were on level 3 of the Dungeon.
You were not hungry.

You visited 1 branch of the dungeon, and saw 3 of its levels.

You collected 112 gold pieces.

Inventory:

Hand Weapons
 a - a +0 flail
 i - a +0 mace (weapon)
Missiles
 t - a throwing net (quivered)
 u - 3 tomahawks
Armour
 b - a +0 scale mail (worn)
 c - a +0 shield (worn)
Jewellery
 h - an amulet of regeneration (around neck)
 o - an uncursed ring of resist corrosion {unknown}
Scrolls
 d - a scroll of magic mapping {unknown}
 e - 4 scrolls of identify {unknown}
 k - a scroll of noise {unknown}
 l - a scroll of remove curse {unknown}
 q - a scroll of fog {unknown}
 r - 2 scrolls of fear {unknown}
Potions
 p - 2 potions of degeneration
 s - 2 potions of berserk rage
 v - a potion of heal wounds {unknown}
 w - a potion of agility {unknown}
Comestibles
 f - 4 bread rations
 g - 3 meat rations
 j - a slice of pizza
 n - 2 beef jerkies
 x - a chunk of flesh


   Skills:
 - Level 3.0 Fighting
 + Level 3.8 Maces & Flails
 + Level 3.0 Armour
 - Level 4.4 Shields


You had 4 spell levels left.
You didn't know any spells.

Dungeon Overview and Level Annotations

Branches:
Dungeon (3/15)

Altars:
Okawaru


Message History

The sky beast is almost dead.
The sky beast hits you but does no damage.
You barely miss the sky beast.
The sky beast is almost dead.
The sky beast hits you.
* * * LOW HITPOINT WARNING * * *
The sky beast shocks you.
* * * LOW HITPOINT WARNING * * *
Drink which item? (? for menu, Esc to quit)
It was a potion of degeneration.
There was something very wrong with that liquid.
You feel weakened.
You feel dopey.
You feel clumsy. You block the sky beast's attack.
Drink which item? (? for menu, Esc to quit)
It was a potion of berserk rage.
A red film seems to cover your vision as you go berserk!
You feel yourself moving faster!
You feel mighty! The sky beast hits you.
* * * LOW HITPOINT WARNING * * *
The sky beast shocks you.
You die...

#.#.......# #.#.###.###
#.#.# #.# #.#.###.#
#.......# ###.##..######
#.##..##...########
#(##..##..........########
#........@.######.##......
####..###.Y### #.#.......
#####.....####.#..#####
##..#.........###
####.####......###
#.##...........
+.##.###.##.##. ####.
#.##.# # #.##..


You could see a sky beast.

Vanquished Creatures
  Jessica (D:2)
  Terence (D:2)
  2 adders (D:3)
  An ooze (D:2)
  A worm (D:3)
  A giant gecko (D:2)
  An orc (D:3)
  A giant cockroach (D:3)
  3 goblins
  7 hobgoblins
  5 kobolds
  12 bats
  A giant newt (D:1)
  4 rats
41 creatures vanquished.

Notes
Turn   | Place    | Note
--------------------------------------------------------------
     0 | D:1      | Jerry the Human Fighter began the quest for the Orb.
     0 | D:1      | Reached XP level 1. HP: 18/18 MP: 1/1
   235 | D:1      | Found an iron altar of Okawaru.
   408 | D:1      | Reached XP level 2. HP: 23/24 MP: 2/2
   714 | D:2      | Noticed Terence
   723 | D:2      | Killed Terence
   723 | D:2      | Reached XP level 3. HP: 28/29 MP: 3/3
   973 | D:2      | Reached XP level 4. HP: 35/35 MP: 4/4
   978 | D:2      | Noticed Jessica
   990 | D:2      | Killed Jessica
   990 | D:2      | Reached skill level 4 in Shields
  1438 | D:3      | Reached XP level 5. HP: 38/41 MP: 5/5
  1778 | D:3      | Noticed a sky beast
  1816 | D:3      | HP: 2/41 [sky beast (5)]
  1818 | D:3      | Slain by a sky beast

Skill      XL: |  1  2  3  4 |
---------------+-------------+-----
Maces & Flails | 3 |  3.8
Shields        | 4 |  4.4
Fighting       | |  3.0
Armour         | |  3.0

Action                   |  1- 3 |  4- 6 || total
-------------------------+-------+-------++-------
Melee: Mace              |    42 |   123 ||   165
       Flail             |     2 |       ||     2
Throw: Throwing net      |       |     2 ||     2
  Use: Potion            |     1 |     4 ||     5
  Eat: Chunk             |       |     3 ||     3
Armor: Scale mail        |    19 |    63 ||    82
Dodge: Dodged            |    14 |    34 ||    48
Block: Shield            |    21 |    42 ||    63
